 Seeded DCSS version 0.30.0-19-g36f170ea60 (webtiles) character file.

Game seed: 8994729474104937668 (custom seed)

1321 CInkIbrahim the Cleaver (level 8, 0/39 HPs)
             Began as a Vine Stalker Fighter on May 27, 2023.
             Succumbed to a water moccasin's poison
             ... on level 5 of the Dungeon.
             The game lasted 00:07:42 (3314 turns).

CInkIbrahim the Cleaver (Vine Stalker Fighter)      Turns: 3314, Time: 00:07:43

Health: 0/39       AC:  5    Str: 21    XL:     8   Next: 59%
Magic:  0/9        EV:  9    Int:  8    God:
Gold:   192        SH:  4    Dex: 14    Spells: 7/7 levels left

rFire   + . .        a - +0 war axe
rCold   . . .        c - +0 buckler
rNeg    . . .        w - +0 scale mail
rPois   .            g - +0 helmet
rElec   .            y - +0 cloak
rCorr   +            (no gloves)
SInv    .            e - +0 pair of boots
Will    +....        F - amulet of the acrobat Stlth
                     l - ring of protection from fire
HPRegen 1.06/turn    C - ring of resist corrosion
MPRegen 0.11/turn

%: acrobat, guardian spirit
@: lethally poisoned (0 -> -1), corroded
A: fangs 3, regeneration 1, magic shield, antimagic bite, no potion heal 2
a: no special abilities


You were on level 5 of the Dungeon.
You visited 2 branches of the dungeon, and saw 6 of its levels.

You collected 192 gold pieces.

Inventory:

Hand Weapons
 a - a +0 war axe (weapon)
 b - a +1 short sword of draining
 o - a +2 sling of flaming
Armour
 c - a +0 buckler (worn)
 e - a +0 pair of boots (worn)
 g - a +0 helmet (worn)
 w - a +0 scale mail (worn)
 y - a +0 cloak (worn)
Jewellery
 l - a ring of protection from fire (left hand)
 z - a ring of see invisible
 C - a ring of resist corrosion (right hand)
 F - an amulet of the acrobat (around neck)
Wands
 x - a wand of roots (4)
Scrolls
 f - 2 scrolls of vulnerability {unknown}
 h - a scroll of torment
 i - 2 scrolls of blinking {unknown}
 j - a scroll of fear {unknown}
 k - 2 scrolls of immolation {unknown}
 m - a scroll of magic mapping
 n - 3 scrolls of silence
 r - 3 scrolls of teleportation {unknown}
 s - a scroll of enchant armour {unknown}
 v - a scroll of enchant weapon {unknown}
Potions
 p - 2 potions of magic
 q - a potion of brilliance
 t - 2 potions of curing
 u - a potion of attraction
 A - 2 potions of heal wounds {unknown}
 B - a potion of mutation
 E - a potion of resistance {unknown}


   Skills:
 - Level 2.6 Fighting
 + Level 9.5 Axes
 - Level 2.4 Armour
 - Level 2.6 Shields


You had 7 spell levels left.
You didn't know any spells.
Your spell library contained the following spells:

 Spells                   Type           Power      Damage    Failure   Level
 Sandblast                Erth           0%         2d4       83%         1
 Summon Small Mammal      Summ           0%         N/A       83%         1
 Passwall                 Tmut/Erth      0%         N/A       92%         2
 Call Canine Familiar     Summ           0%         N/A       99%         3
 Summon Guardian Golem    Hex/Summ       0%         N/A       99%         3
 Borgnjor's Vile Clutch   Necr/Erth      0%         N/A       100%        5
 Iron Shot                Conj/Erth      0%         9d1       100%        6
 Statue Form              Tmut/Erth      0%         N/A       100%        6


Dungeon Overview and Level Annotations

Branches:
Dungeon (5/15)             Temple (1/1) D:5

Altars:
Ashenzari
Cheibriados
Dithmenos
Elyvilon
Fedhas
Gozag
Hepliaklqana
Kikubaaqudgha
Makhleb
Nemelex Xobeh
Okawaru
Qazlal
Ru
Sif Muna
Trog
Uskayaw
Vehumet
Wu Jian
Xom
Zin

Shops:
D:4 ==


Innate Abilities, Weirdness & Mutations

You have razor-sharp teeth.
Your natural rate of healing is unusually fast.
When hurt, damage is shared between your health and your magic reserves.
Your bite disrupts and absorbs the magic of your enemies.
Potions cannot restore your health.


Message History

You barely miss the water moccasin. You bite the water moccasin.
You drain its power.
You feel invigorated.
The water moccasin is heavily wounded.
You feel very sick. The water moccasin barely misses you.
You barely miss the water moccasin. You bite the water moccasin.
You drain its power.
You feel invigorated.
The water moccasin is severely wounded.
* * * LOW HITPOINT WARNING * * *
You feel very sick. You block the water moccasin's attack.
The water moccasin barely misses you.
You slash the water moccasin!
You kill the water moccasin!
You feel very sick. The iguana bites you.
* * * LOW HITPOINT WARNING * * *
You hit the iguana but do no damage.
You feel sick. You block the iguana's attack.
Okay, then.
Okay, then.
Aiming: Fastroot
Press: ? - help, Shift-Dir - straight line, f - iguana
Aim: an iguana The roots erupt in riotous growth!
Roots grab the iguana.
The grasping roots constrict the iguana.
You feel sick. The iguana bites you!
* * * LOW HITPOINT WARNING * * *
The grasping roots constrict the iguana.
* * * LOW HITPOINT WARNING * * *
You feel sick.
The roots release their grip on the iguana.
Aiming: Fastroot
Press: ? - help, Shift-Dir - straight line, f/p - iguana
Aim: an iguana (severely wounded)
The roots erupt in riotous growth!
Roots grab the iguana.
The grasping roots constrict the iguana.
You kill the iguana!
You die...

####.#.####...#
######.†..#...##...#
#.........#...##..##
#....######...##..##
#.####†...#...##...#
#.....)...#...##...#
#....####.#...#....#
######....#...#....#
#..@......#...'....#
#.†..######...##..##
#†#### #.##########
... ##.##..##..#.
..... +..........#.
#......
#......##..##
#......
#......##..##
.......
#...........'
.......
#...........#


There were no monsters in sight!

Vanquished Creatures
  Sigmund (D:4)
  A water moccasin (D:5)
  An orc warrior (Temple)
  2 ogres
  Blork the orc (D:4)
  A scorpion (D:5)
  A bullfrog (D:4)
  A hound (D:5)
  4 jellies (D:5)
  Terence (D:2)
  Jessica (D:3)
  5 iguanas
  3 orc wizards
  7 adders
  4 gnolls
  An ufetubus (D:4)
  2 worms
  3 dart slugs
  11 orcs
  2 endoplasms (D:1)
  5 giant cockroaches
  11 hobgoblins
  4 quokkas
  6 ball pythons
  6 bats
  5 frilled lizards
  6 goblins
  3 kobolds
  2 rats
101 creatures vanquished.

Notes
Turn   | Place    | Note
-------+----------+-------------------------------------------
     0 | D:1      | CInkIbrahim the Vine Stalker Fighter began the quest for
                  | the Orb.
     0 | D:1      | Reached XP level 1. HP: 11/11 MP: 2/2
    33 | D:1      | Reached skill level 2 in Axes
   135 | D:1      | Reached XP level 2. HP: 15/16 MP: 3/3
   270 | D:1      | Reached skill level 3 in Axes
   270 | D:1      | Reached XP level 3. HP: 19/19 MP: 4/4
  1105 | D:2      | Noticed Terence
  1118 | D:2      | Killed Terence
  1119 | D:2      | Reached skill level 4 in Axes
  1119 | D:2      | Gained mutation: Your natural rate of healing is unusually
                  | fast. [Vine Stalker growth]
  1119 | D:2      | Reached XP level 4. HP: 7/20 MP: 2/5
  1453 | D:3      | Got the Tome of the Mantle
  1533 | D:3      | Noticed Jessica
  1537 | D:3      | Killed Jessica
  1661 | D:3      | Reached XP level 5. HP: 27/27 MP: 6/6
  1994 | D:4      | Noticed an ogre
  2001 | D:4      | Killed an ogre
  2002 | D:4      | Reached skill level 5 in Axes
  2058 | D:4      | Noticed Sigmund
  2064 | D:4      | Killed Sigmund
  2065 | D:4      | Reached skill level 6 in Axes
  2065 | D:4      | Reached XP level 6. HP: 32/32 MP: 7/7
  2107 | D:4      | Reached XP level 7. HP: 22/35 MP: 5/8
  2239 | D:4      | Found Getyn's Jewellery Shop.
  2438 | D:4      | Reached skill level 7 in Axes
  2465 | D:4      | Found Dapt's Jewellery Shop.
  2567 | D:4      | Noticed Blork the orc
  2574 | D:4      | Killed Blork the orc
  2596 | D:4      | Found a shimmering blue altar of Sif Muna.
  2603 | D:4      | Found a shimmering altar of Xom.
  2603 | D:4      | Found an iron altar of Okawaru.
  2645 | D:4      | Found a broken altar of Ashenzari.
  2646 | D:4      | Found a stormy altar of Qazlal.
  2734 | D:5      | Entered Level 5 of the Dungeon
  2799 | D:5      | Found a staircase to the Ecumenical Temple.
  2820 | Temple   | Entered the Ecumenical Temple
  2992 | Temple   | Reached skill level 8 in Axes
  3053 | D:5      | Gained mutation: You have razor-sharp teeth. [Vine Stalker
                  | growth]
  3053 | D:5      | Reached XP level 8. HP: 39/39 MP: 9/9
  3275 | D:5      | Reached skill level 9 in Axes
  3312 | D:5      | HP: 1/39 [iguana (2)]
  3314 | D:5      | Succumbed to a water moccasin's poison

Illustrated notes

Levels and vault maps discovered:
D:1:      ncdulo_halloftheorcs, layout_rooms, minmay_tetromino_o4
D:2:      layout_loops_cross, uniq_terence
D:3:      layout_basic, serial_forest, infiniplex_forest_diagonal,
          infiniplex_forest_straight_2, infiniplex_forest_lined_1,
          infiniplex_forest_lined_corner, infiniplex_forest_clump_small,
          infiniplex_forest_zigzag_2, infiniplex_forest_clump_tiny, uniq_jessica
D:4:      layout_basic, grunt_temple_overflow_open, serial_shops, shop,
          minmay_misc_feat_nine_boxes, minivault_24,
          minmay_shop_enchanted_jewellery, uniq_blork_the_orc, uniq_sigmund
D:5:      minmay_angry_zag, layout_gridville, minmay_temple_entry_junction_2,
          eino_tiny_chamber
Temple:   hellmonk_temple_of_storms

Skill      XL: |  1  2  3  4  5  6  7  8 |
---------------+-------------------------+-----
Axes           | 2 3 4 6 8 9 |  9.5
Fighting       | |  2.6
Armour         | |  2.4
Shields        | |  2.6

Action                     |  1- 3 |  4- 6 |  7- 9 || total
---------------------------+-------+-------+-------++-------
  Melee: War axe           |    90 |    54 |   145 ||   289
         Bite              |    19 |    12 |    44 ||    75
  Evoke: Wand              |       |       |     3 ||     3
    Use: Potion            |     1 |     2 |     3 ||     6
         Scroll            |       |     6 |     4 ||    10
 Armour: Scale mail        |    34 |    19 |    61 ||   114
  Dodge: Dodged            |    43 |    24 |    50 ||   117
  Block: Buckler           |    21 |    13 |    20 ||    54
